 Dungeon Crawl Stone Soup version 0.25.1-2-g60ff931df9 (webtiles) character file.

Game seed: 190641642991485820

39 DerDa the Chiller (level 3, -4/24 HPs)
             Began as a Human Ice Elementalist on Aug 23, 2020.
             Slain by an adder (5 damage)
             ... on level 2 of the Dungeon.
             The game lasted 00:03:46 (1654 turns).

DerDa the Chiller (Human Ice Elementalist)          Turns: 1654, Time: 00:03:47

Health: -4/24      AC:  3    Str:  8    XL:     3   Next: 70%
Magic:  1/7        EV: 12    Int: 16    God:
Gold:   126        SH:  0    Dex: 13    Spells: 6/7 levels left

rFire    . . .     SeeInvis .   i - +1 dagger (holy)
rCold    . . .     Gourm    .   (no shield)
rNeg     . . .     Faith    .   a - +0 robe
rPois    .         Spirit   .   j - +0 helmet
rElec    .         Reflect  .   (no cloak)
rCorr    .         Harm     .   (no gloves)
MR       .....                  (no boots)
Stlth    ++........             (no amulet)
HPRegen  0.08/turn              (no ring)
MPRegen  0.10/turn              (no ring)

@: mighty, lethally poisoned (-4 -> -15), very slightly contaminated, hasted,
very quick
A: no striking features
a: no special abilities


You were on level 2 of the Dungeon.
You were not hungry.

You visited 1 branch of the dungeon, and saw 2 of its levels.

You collected 126 gold pieces.

Inventory:

Hand Weapons
 i - a +1 dagger of holy wrath (weapon)
Missiles
 b - 31 sling bullets
 h - 37 stones (quivered)
Armour
 a - a +0 robe (worn)
 j - a +0 helmet (worn)
Jewellery
 d - an uncursed amulet of the acrobat {unknown}
Scrolls
 e - 2 scrolls of amnesia {unknown}
 f - a scroll of fear {unknown}
 g - a scroll of immolation {unknown}
 m - a scroll of teleportation {unknown}
Comestibles
 c - 2 rations
 l - 2 chunks of flesh


   Skills:
 - Level 2.0 Dodging
 - Level 2.0 Stealth
 * Level 2.7 Spellcasting
 * Level 4.7 Ice Magic


You had 6 spell levels left.
You knew the following spells:

 Your Spells              Type           Power        Failure   Level  Hunger
a - Freeze                Ice            ###.         2%          1    #......

Your spell library contained the following spells:

 Spells                   Type           Power        Failure   Level  Hunger
 Frozen Ramparts          Ice            ###...       9%          3    ###....
 Ozocubu's Armour         Chrm/Ice       #.......     22%         3    ###....
 Hailstorm                Conj/Ice       #.......     58%         4    #####..
 Summon Ice Beast         Ice/Summ       #.......     58%         4    #####..


Dungeon Overview and Level Annotations

Branches:
Dungeon (2/15)

Altars:


Message History

* * * LOW HITPOINT WARNING * * *
You feel sick. The adder bites you.
* * * LOW HITPOINT WARNING * * *
It was a potion of haste.
You feel yourself speed up. The adder bites you.
* * * LOW HITPOINT WARNING * * *
You are more poisoned.
The adder poisons you!
It was a potion of might.
You feel very mighty all of a sudden.
* * * LOW HITPOINT WARNING * * *
You feel sick. The adder barely misses you.
You closely miss the adder.
The adder is severely wounded.
* * * LOW HITPOINT WARNING * * *
You feel sick. The adder closely misses you.
You miss the adder.
The adder is severely wounded.
* * * LOW HITPOINT WARNING * * *
You feel sick. The adder bites you.
You die...

#.........<...)#...#.
#..........).).#.....
#..............รท.....
#....#######+#.#..#..
#....####### #.#.....
#..........# #.#.####
#..........# #.#..
#..........# #.###
##..@).....+ #..
#..S....).# ###
#..........
#..........
#..........
####....[.. ...%...
.......


You could see an adder.

Vanquished Creatures
  2 dart slugs
  3 leopard geckos (D:1)
  7 bats
  2 giant cockroaches
  4 goblins
  6 hobgoblins
  3 kobolds
  4 rats
31 creatures vanquished.

Notes
Turn   | Place    | Note
-------+----------+-------------------------------------------
     0 | D:1      | DerDa the Human Ice Elementalist began the quest for the
                  | Orb.
     0 | D:1      | Reached XP level 1. HP: 13/13 MP: 3/3
   190 | D:1      | Reached XP level 2. HP: 18/19 MP: 3/5
   578 | D:1      | Reached XP level 3. HP: 15/24 MP: 4/6
  1654 | D:2      | HP: 1/24 [poisoned by an adder]
  1654 | D:2      | Slain by an adder

Illustrated notes

Levels and vault maps discovered:
D:1:      tarquinn_simple_flora_water_d, layout_basic, minmay_box_of_dots
D:2:      layout_basic, grunt_temple_overflow_opulence,
          overflow_temple_1_default, first_ration, hangedman_decor_peaks_small,
          roderic_malta_cross, chequers_jeans,
          nicolae_ru_great_annihilating_truth

Action                   || total
-------------------------++-------
Melee: Unarmed           ||     3
       Dagger            ||    17
 Cast: Freeze            ||    41
  Use: Potion            ||     2
 Stab: Sleeping          ||     2
  Eat: Chunk             ||     3
Armor: Robe              ||    15
Dodge: Dodged            ||    35
